 Dungeon Crawl Stone Soup version 0.28-a0-1506-g3893175d92 (webtiles) character file.

Game seed: 545238295309744428

1 HallandMoats the Skirmisher (level 1, 0/19 HPs)
             Began as a Ghoul Fighter on Jan 14, 2022.
             Slain by a kobold (2 damage)
             ... on level 1 of the Dungeon.
             The game lasted 00:00:14 (65 turns).

HallandMoats the Skirmisher (Ghoul Fighter)           Turns: 65, Time: 00:00:14

Health: 0/19       AC:  6    Str: 19    XL:     1   Next: 20%
Magic:  0/0        EV:  9    Int:  3    God:
Gold:   0          SH:  4    Dex:  8    Spells: 0/0 levels left

rFire   . . .      SeeInvis .   a - +0 long sword
rCold   + . .      Faith    .   c - +0 buckler
rNeg    + + +      Spirit   .   b - +0 scale mail
rPois   ∞          Reflect  .   (no helmet)
rElec   .          Harm     .   (no cloak)
rCorr   .          Rampage  .   (no gloves)
Will    .....                   (no boots)
Stlth   ..........              (no amulet)
HPRegen 0.00/turn               (no ring)
MPRegen 0.07/turn               (no ring)

@: inhibited regen
A: claws 1, cold resistance 1, negative energy resistance 3, inhibited
regeneration, torment resistance 2
a: no special abilities


You were on level 1 of the Dungeon.
You visited 1 branch of the dungeon, and saw 1 of its levels.

Inventory:

Hand Weapons
 a - a +0 long sword (weapon)
Armour
 b - a +0 scale mail (worn)
 c - a +0 buckler (worn)
Potions
 d - a potion of might


   Skills:
 * Level 3.3 Fighting
 * Level 1.8 Long Blades
 + Level 2.7 Armour
 + Level 0.0 Dodging
 * Level 2.7 Shields


You couldn't memorise any spells.
You didn't know any spells.
Your spell library was empty.

Dungeon Overview and Level Annotations

Branches:
Dungeon (1/15)

Altars:


Innate Abilities, Weirdness & Mutations

You thrive by killing the living.
You are immune to poison.
You have sharp fingernails.
Your flesh is cold resistant. (rC+)
You are immune to negative energy. (rN+++)
You do not regenerate when monsters are visible.
You are immune to unholy pain and torment.


Message History

The quokka bites you but does no damage.
The kobold throws a stone.
You block the stone. The quokka closely misses you.
You block the quokka's attack.
There is an open door here.
The quokka bites you. The quokka barely misses you.
The quokka completely misses you.
There is an open door here.
You closely miss the quokka.
The quokka is moderately wounded.
The quokka bites you.
* * * LOW HITPOINT WARNING * * *
The quokka bites you but does no damage.
You hit the quokka.
The quokka is heavily wounded.
The quokka barely misses you.
You hit the quokka but do no damage.
The quokka is heavily wounded.
The quokka barely misses you. The quokka misses you.
You closely miss the quokka.
The quokka is heavily wounded.
The quokka misses you. The quokka barely misses you.
You closely miss the quokka.
The quokka is heavily wounded.
The quokka bites you but does no damage.
You hit the quokka.
You kill the quokka!
You feel better.
The kobold throws a stone.
The stone completely misses you.
The kobold throws a stone.
The stone hits you.
* * * LOW HITPOINT WARNING * * *
The kobold throws a stone.
The stone hits you.
* * * LOW HITPOINT WARNING * * *
The kobold hits you but does no damage. The kobold barely misses you.
There is an open door here.
You see here a quokka corpse.
You closely miss the kobold. The kobold barely misses you.
The kobold hits you but does no damage. You block the kobold's attack.
You miss the kobold. The kobold completely misses you.
The kobold barely misses you. The kobold hits you with a +0 whip.
You die...

#..♣..<..♣..#
#.........##
#####'##### #####
#####...######...##
..................#
......⌠........⌠..#
...................#
######...######...##
##>## ##@## # ###
###KK# $.###
####...##
....#####....###
#...#...#### #...###
#######.######
.......K.......
.........#.####


You could see 2 kobolds.

Vanquished Creatures
  A quokka (D:1)
1 creature vanquished.

Notes
Turn   | Place    | Note
-------+----------+-------------------------------------------
     0 | D:1      | HallandMoats the Ghoul Fighter began the quest for the Orb.
     0 | D:1      | Reached XP level 1. HP: 19/19 MP: 0/0
    65 | D:1      | Slain by a kobold

Illustrated notes

Levels and vault maps discovered:
D:1:      minmay_arrival_split_and_join, layout_basic,
          shapermc_ecumenical_altar_totnotflames

Action                   || total
-------------------------++-------
Melee: Long sword        ||    16
Armor: Scale mail        ||    15
Dodge: Dodged            ||    22
Block: Buckler           ||     9

Table legend: (Time is in decaauts)
 A = Elapsed time spent in this place.
 B = Non-inter-level travel time spent in this place.
 C = Inter-level travel time spent in this place.
 D = Time resting spent in this place.
 E = Time spent auto-exploring this place.
 F = Levels seen in this place.
 G = Mean time per level.
                   A        B        C        D        E       F      G
               +--------+--------+--------+--------+--------+-----+--------+
         Total |     70 |     70 |      0 |      0 |     31 |   1 |   70.0 |
       Dungeon |     70 |     70 |      0 |      0 |     31 |   1 |   70.0 |
               +--------+--------+--------+--------+--------+-----+--------+

Top non-repeatable levels by time:
     D:1: 70 daAuts
